PBL
SOUTHERN MARYLAND BLUE CRABS @ COLUMBUS REDS
08/07/2044
 
TOP OF THE 1ST
Southern Maryland Blue Crabs batting - Pitching for Columbus Reds : RHP Matt Cronin
Pitching: RHP Matt Cronin
Batting: RHB Danny Baeza 0-0: Called Strike
0-1: Ball
1-1: TRIPLE (Line Drive, 89XD, EV 103.1 MPH)
Batting: RHB Daniel Jackson 0-0: Called Strike
0-1: Ball
1-1: Swinging Strike
1-2: Ball
2-2: SINGLE (Line Drive, 4M, EV 94.4 MPH)
Danny Baeza scores
Batting: RHB J.J. Basil 0-0: Called Strike
0-1: Ball
1-1: SINGLE (Groundball, 56, EV 110.6 MPH)
Daniel Jackson to second
Batting: LHB Eric Jackson 0-0: Ball
1-0: Foul Ball, location: 2F
1-1: Ball
2-1: Foul Ball, location: 2F
2-2: DOUBLE (Line Drive, 9LM, EV 91.9 MPH)
Daniel Jackson scores
J.J. Basil to third
Batting: RHB Steve Jones 0-0: Called Strike
0-1: Called Strike
0-2: Foul Ball, location: 2F
0-2: Foul Ball, location: 2F
0-2: Fly out, F7 (Line Drive, 7, EV 91.2 MPH)
Runner from 3rd tags up, SCORES, no throw by LF
Batting: RHB Tony Godley 0-0: Ball
Eric Jackson steals 3rd base
1-0: Swinging Strike
1-1: Called Strike
1-2: Strikes out swinging
Batting: RHB Mike Pitts 0-0: Fly out, F2 (Popup, 23F, EV 86.9 MPH)
Top of the 1st over - 3 runs, 4 hits, 0 errors, 1 left on base; Southern Maryland 3 - Columbus 0
BOTTOM OF THE 1ST
Columbus Reds batting - Pitching for Southern Maryland Blue Crabs : RHP Fabiano Ceriani
Pitching: RHP Fabiano Ceriani
Batting: LHB Keith Egan 0-0: Ball
1-0: Called Strike
1-1: Ball
2-1: Swinging Strike
2-2: Ground out 3-1 (Groundball, 34S, EV 91.2 MPH)
Batting: RHB Sang-ton Pak 0-0: Foul Ball, location: 2F
0-1: Called Strike
0-2: Ball
1-2: Foul Ball, location: 2F
1-2: Ball
2-2: Strikes out swinging
Batting: RHB Pat McCoy 0-0: Ball
1-0: Ball
2-0: Fly out, F8 (Flyball, 89M, EV 90.6 MPH)
Bottom of the 1st over - 0 runs, 0 hits, 0 errors, 0 left on base; Southern Maryland 3 - Columbus 0
TOP OF THE 2ND
Southern Maryland Blue Crabs batting - Pitching for Columbus Reds : RHP Matt Cronin
Batting: RHB Ray Sims 0-0: Ball
1-0: Fly out, F8 (Flyball, 89D, EV 96.2 MPH)
Batting: RHB Matt Berrier 0-0: DOUBLE (Flyball, 89D, EV 100.6 MPH)
Batting: RHB Danny Baeza 0-0: Hit by Pitch
Batting: RHB Daniel Jackson 0-0: Ball
1-0: Fly out, F8 (Flyball, 8RM, EV 86.9 MPH)
Batting: RHB J.J. Basil 0-0: Ball
1-0: Foul Ball, location: 2F
1-1: DOUBLE (Line Drive, 8RD, EV 95.6 MPH)
Matt Berrier scores
Danny Baeza to third
Runner from 3rd tries for Home, SAFE, no throw by CF
Batting: LHB Eric Jackson 0-0: Ball
1-0: Foul Ball, location: 2F
1-1: SINGLE (Groundball, 4MD, EV 98.1 MPH) (infield hit)
J.J. Basil to third
Batting: RHB Steve Jones 0-0: Ball
1-0: Swinging Strike
1-1: Fly out, F8 (Flyball, 8RS, EV 96.2 MPH)
Top of the 2nd over - 2 runs, 3 hits, 0 errors, 2 left on base; Southern Maryland 5 - Columbus 0
BOTTOM OF THE 2ND
Columbus Reds batting - Pitching for Southern Maryland Blue Crabs : RHP Fabiano Ceriani
Batting: LHB Chris Redhead 0-0: Ball
1-0: Foul Ball, location: 2F
1-1: Called Strike
1-2: Foul Ball, location: 2F
1-2: Foul Ball, location: 2F
1-2: Strikes out looking
Batting: RHB R.J. Romberg 0-0: Ball
1-0: Ball
2-0: Ball
3-0: Foul Ball, location: 2F
3-1: SINGLE (Line Drive, 4D, EV 97.5 MPH)
Batting: LHB Tim Kirk 0-0: Foul Ball, location: 2F
0-1: SINGLE (Groundball, 15S, EV 72.5 MPH) (infield hit)
R.J. Romberg to second
Batting: LHB Elijah Benton 0-0: Ball
1-0: Fly out, F8 (Line Drive, 8LD, EV 89.4 MPH)
Batting: RHB Fred Barbour 0-0: Foul Ball, location: 2F
0-1: Swinging Strike
0-2: Strikes out swinging
Bottom of the 2nd over - 0 runs, 2 hits, 0 errors, 2 left on base; Southern Maryland 5 - Columbus 0
TOP OF THE 3RD
Southern Maryland Blue Crabs batting - Pitching for Columbus Reds : RHP Matt Cronin
Batting: RHB Tony Godley 0-0: Foul Ball, location: 2F
0-1: Ball
1-1: Ball
2-1: Called Strike
2-2: Fly out, F9 (Flyball, 9LD, EV 91.9 MPH)
Batting: RHB Mike Pitts 0-0: Ball
1-0: Foul Ball, location: 2F
1-1: Foul Ball, location: 2F
1-2: Fly out, F8 (Flyball, 89XD, EV 103.8 MPH)
Batting: RHB Ray Sims 0-0: Ball
1-0: Ball
2-0: Called Strike
2-1: Ball
3-1: SINGLE (Groundball, 6S, EV 72.5 MPH) (infield hit)
Batting: RHB Matt Berrier 0-0: Ball
1-0: Ball
2-0: Fielders Choice at 2nd, 5-4 (Groundball, 5L, EV 88.8 MPH)
Top of the 3rd over - 0 runs, 1 hit, 0 errors, 1 left on base; Southern Maryland 5 - Columbus 0
BOTTOM OF THE 3RD
Columbus Reds batting - Pitching for Southern Maryland Blue Crabs : RHP Fabiano Ceriani
Batting: RHB Alex de Leon 0-0: Ball
1-0: Ball
2-0: SINGLE (Groundball, 5S, EV 70.0 MPH) (infield hit)
Batting: LHB Keith Egan 0-0: Foul Ball, location: 2F
0-1: Ball
1-1: Called Strike
1-2: Fielders Choice at 2nd, 4-6 (Groundball, 34D, EV 83.8 MPH)
Batting: RHB Sang-ton Pak 0-0: Called Strike
Keith Egan steals 2nd base
0-1: Foul Ball, location: 2F
0-2: Strikes out looking
Batting: RHB Pat McCoy 0-0: Ball
1-0: Called Strike
1-1: Fly out, F4 (Popup, 13, EV 72.5 MPH)
Bottom of the 3rd over - 0 runs, 1 hit, 0 errors, 1 left on base; Southern Maryland 5 - Columbus 0
TOP OF THE 4TH
Southern Maryland Blue Crabs batting - Pitching for Columbus Reds : RHP Matt Cronin
Batting: RHB Danny Baeza 0-0: Called Strike
0-1: Foul Ball, location: 2F
0-2: Foul Ball, location: 2F
0-2: Ball
1-2: Strikes out swinging
Batting: RHB Daniel Jackson 0-0: Ball
1-0: Called Strike
1-1: Foul Ball, location: 2F
1-2: SINGLE (Groundball, 6MD, EV 103.8 MPH)
Batting: RHB J.J. Basil 0-0: Ball
1-0: Swinging Strike
1-1: Swinging Strike
1-2: Hit by Pitch
Daniel Jackson to second
Batting: LHB Eric Jackson 0-0: Called Strike
0-1: Foul Ball, location: 2F
0-2: Ball
1-2: Strikes out looking
Batting: RHB Steve Jones 0-0: Ball
1-0: Called Strike
1-1: Ball
2-1: Ground out 4-3 (Groundball, 4, EV 83.1 MPH)
Top of the 4th over - 0 runs, 1 hit, 0 errors, 2 left on base; Southern Maryland 5 - Columbus 0
BOTTOM OF THE 4TH
Columbus Reds batting - Pitching for Southern Maryland Blue Crabs : RHP Fabiano Ceriani
Batting: LHB Chris Redhead 0-0: Ball
1-0: Foul Ball, location: 2F
1-1: Swinging Strike
1-2: Ball
2-2: Strikes out swinging
Batting: RHB R.J. Romberg 0-0: Ball
1-0: Foul Ball, location: 2F
1-1: SINGLE (Groundball, 56D, EV 102.5 MPH)
Batting: LHB Tim Kirk 0-0: Ball
1-0: Grounds into double play, 4-6-3 (Groundball, 34, EV 108.1 MPH)
Bottom of the 4th over - 0 runs, 1 hit, 0 errors, 0 left on base; Southern Maryland 5 - Columbus 0
TOP OF THE 5TH
Southern Maryland Blue Crabs batting - Pitching for Columbus Reds : RHP Matt Cronin
Batting: RHB Tony Godley 0-0: Called Strike
0-1: Called Strike
0-2: Ground out 5-3 (Groundball, 56S, EV 80.6 MPH)
Batting: RHB Mike Pitts 0-0: Ball
1-0: Called Strike
1-1: Called Strike
1-2: Ball
2-2: Ball
3-2: SINGLE (Groundball, 6MD, EV 99.4 MPH)
Batting: RHB Ray Sims 0-0: Ball
1-0: SINGLE (Line Drive, 56D, EV 99.4 MPH)
Mike Pitts to second
Batting: RHB Matt Berrier 0-0: Foul Ball, location: 2F
0-1: SINGLE (Groundball, 4D, EV 98.1 MPH)
Mike Pitts to third
Ray Sims to second
Runner from 3rd tries for Home, SAFE, throw by RF to home
Batting: RHB Danny Baeza 0-0: Ball
1-0: Fly out, F8 (Line Drive, 8RM, EV 101.9 MPH)
Batting: RHB Daniel Jackson 0-0: SINGLE (Flyball, 3D, EV 88.8 MPH)
Ray Sims to third
Matt Berrier to second
Runner from 3rd tries for Home, SAFE, throw by RF to home
Batting: RHB J.J. Basil 0-0: Ball
1-0: Fly out, F8 (Flyball, 8RM, EV 86.9 MPH)
Top of the 5th over - 2 runs, 4 hits, 0 errors, 2 left on base; Southern Maryland 7 - Columbus 0
BOTTOM OF THE 5TH
Columbus Reds batting - Pitching for Southern Maryland Blue Crabs : RHP Fabiano Ceriani
Batting: LHB Elijah Benton 0-0: Foul Ball, location: 2F
0-1: Ball
1-1: Ball
2-1: Fly out, F8 (Flyball, 8LM, EV 96.2 MPH)
Batting: RHB Fred Barbour 0-0: Swinging Strike
0-1: Foul Ball, location: 2F
0-2: Foul Ball, location: 2F
0-2: Ground out 6-3 (Groundball, 6S, EV 91.9 MPH)
Batting: RHB Alex de Leon 0-0: Called Strike
0-1: Ball
1-1: Swinging Strike
1-2: SINGLE (Groundball, 3D, EV 94.4 MPH)
Batting: LHB Keith Egan 0-0: Ball
Alex de Leon steals 2nd base
1-0: Ball
2-0: Foul Ball, location: 2F
2-1: Called Strike
2-2: Foul Ball, location: 2F
2-2: Strikes out looking
Bottom of the 5th over - 0 runs, 1 hit, 0 errors, 1 left on base; Southern Maryland 7 - Columbus 0
TOP OF THE 6TH
Southern Maryland Blue Crabs batting - Pitching for Columbus Reds : RHP Matt Cronin
Batting: LHB Eric Jackson 0-0: Ground out 1-3 (Groundball, 13S, EV 70.0 MPH)
Batting: RHB Steve Jones 0-0: Ground out 4-3 (Groundball, 4, EV 80.6 MPH)
Batting: RHB Tony Godley 0-0: Hit by Pitch
Batting: RHB Mike Pitts 0-0: Called Strike
0-1: Fly out, F9 (Flyball, 9LM, EV 78.8 MPH)
Top of the 6th over - 0 runs, 0 hits, 0 errors, 1 left on base; Southern Maryland 7 - Columbus 0
BOTTOM OF THE 6TH
Columbus Reds batting - Pitching for Southern Maryland Blue Crabs : RHP Fabiano Ceriani
Batting: RHB Sang-ton Pak 0-0: Swinging Strike
0-1: Called Strike
0-2: Ball
1-2: Strikes out swinging
Batting: RHB Pat McCoy 0-0: Ball
1-0: Swinging Strike
1-1: Ball
2-1: Fly out, F9 (Flyball, 9LS, EV 88.1 MPH)
Batting: LHB Chris Redhead 0-0: Fly out, F7 (Flyball, 78M, EV 83.1 MPH)
Bottom of the 6th over - 0 runs, 0 hits, 0 errors, 0 left on base; Southern Maryland 7 - Columbus 0
TOP OF THE 7TH
Southern Maryland Blue Crabs batting - Pitching for Columbus Reds : RHP Matt Cronin
Pinch Hitting: SHB Chris Wright 0-0: Called Strike
0-1: Swinging Strike
0-2: Foul Ball, location: 2F
0-2: Ball
1-2: Ground out 3-1 (Groundball, 34, EV 90.6 MPH)
Pinch Hitting: RHB Jason Burke 0-0: Ball
1-0: Called Strike
1-1: Called Strike
1-2: Strikes out swinging
Batting: RHB Danny Baeza 0-0: Foul Ball, location: 2F
0-1: Hit by Pitch
Pinch Hitting: LHB Antonio Gutierrez 0-0: Called Strike
Danny Baeza steals 2nd base
0-1: Ground out 1-3 (Groundball, 13S, EV 70.6 MPH)
Top of the 7th over - 0 runs, 0 hits, 0 errors, 1 left on base; Southern Maryland 7 - Columbus 0
BOTTOM OF THE 7TH
Columbus Reds batting - Pitching for Southern Maryland Blue Crabs : RHP Fabiano Ceriani
Pitching: RHP Oscar Chacon
Now at 1B: Adam Oldfield
Now at 2B: Chris Wright
Now in LF: Tony Godley
Now in RF: Antonio Gutierrez
Batting: RHB R.J. Romberg 0-0: Called Strike
0-1: Ball
1-1: Ball
2-1: Ball
3-1: Swinging Strike
3-2: Foul Ball, location: 2F
3-2: Foul Ball, location: 2F
3-2: Ground out U3 (Groundball, 34, EV 86.9 MPH)
Batting: LHB Tim Kirk 0-0: Ball
1-0: Ball
2-0: Called Strike
2-1: Called Strike
2-2: Foul Ball, location: 2F
2-2: Strikes out swinging
Batting: LHB Elijah Benton 0-0: Fly out, F8 (Flyball, 8LS, EV 95.6 MPH)
Bottom of the 7th over - 0 runs, 0 hits, 0 errors, 0 left on base; Southern Maryland 7 - Columbus 0
TOP OF THE 8TH
Southern Maryland Blue Crabs batting - Pitching for Columbus Reds : RHP Matt Cronin
Batting: RHB J.J. Basil 0-0: SINGLE (Line Drive, 9LS, EV 95.0 MPH)
Pinch Hitting: RHB Matthew Neal 0-0: SINGLE (Groundball, 6D, EV 105.0 MPH)
J.J. Basil to second
Batting: RHB Steve Jones 0-0: SINGLE (Line Drive, 6M, EV 97.5 MPH)
J.J. Basil to third
Matthew Neal to second
Pinch Hitting: LHB Keith Long 0-0: Fielders Choice at 2nd, 3-6 (Groundball, 3, EV 85.6 MPH)
J.J. Basil scores
Matthew Neal to third
Pitching: RHP Alex Villagomez
Batting: RHB Mike Pitts 0-0: Ball
1-0: Fielders Choice at 2nd, 5-4 (Groundball, 5S, EV 86.2 MPH)
Matthew Neal scores
Batting: SHB Chris Wright 0-0: Called Strike
0-1: Swinging Strike
0-2: Ball
1-2: Ball
2-2: SINGLE (Line Drive, 56D, EV 103.8 MPH)
Mike Pitts to second
Batting: LHB Adam Oldfield 0-0: Called Strike
0-1: Ball
1-1: Ball
2-1: Ball
3-1: Foul Ball, location: 2F
3-2: Strikes out looking
Top of the 8th over - 2 runs, 4 hits, 0 errors, 2 left on base; Southern Maryland 9 - Columbus 0
BOTTOM OF THE 8TH
Columbus Reds batting - Pitching for Southern Maryland Blue Crabs : RHP Oscar Chacon
Now at 1B: Danny Ayala
Now in LF: Adam Oldfield
Now in CF: Antonio Gutierrez
Now in RF: Keith Long
Batting: RHB Fred Barbour 0-0: Swinging Strike
0-1: Foul Ball, location: 2F
0-2: Ball
1-2: Foul Ball, location: 2F
1-2: Ball
2-2: Fly out, F9 (Flyball, 89D, EV 81.9 MPH)
Batting: RHB Alex de Leon 0-0: Ball
1-0: Called Strike
1-1: Called Strike
1-2: Foul Ball, location: 2F
1-2: Ball
2-2: SINGLE (Groundball, 4D, EV 103.8 MPH)
Batting: LHB Keith Egan 0-0: Ball
1-0: Called Strike
1-1: Ball
2-1: Ball
3-1: Foul Ball, location: 2F
3-2: Base on Balls
Alex de Leon to second
Batting: RHB Sang-ton Pak 0-0: Called Strike
0-1: Called Strike
0-2: Ball
Wild Pitch!
Alex de Leon to third
Keith Egan to second
1-2: SINGLE (Line Drive, 4MD, EV 95.6 MPH)
Alex de Leon scores
Keith Egan to third
Runner from 3rd tries for Home, SAFE, throw by CF to home
Batting: RHB Pat McCoy 0-0: Ball
1-0: Ball
2-0: Foul Ball, location: 2F
2-1: Foul Ball, location: 2F
2-2: Strikes out swinging
Batting: LHB Chris Redhead 0-0: Ball
1-0: Ball
2-0: SINGLE (Line Drive, 7S, EV 96.2 MPH)
Sang-ton Pak to second
Batting: RHB R.J. Romberg 0-0: Called Strike
0-1: Fly out, F9 (Flyball, 89S, EV 78.1 MPH)
Bottom of the 8th over - 2 runs, 3 hits, 0 errors, 2 left on base; Southern Maryland 9 - Columbus 2
TOP OF THE 9TH
Southern Maryland Blue Crabs batting - Pitching for Columbus Reds : RHP Alex Villagomez
Batting: RHB Danny Baeza 0-0: Ball
1-0: Ball
2-0: SOLO HOME RUN (Flyball, 7LD, EV 101.9 MPH) (Inside the Park)
Batting: LHB Antonio Gutierrez 0-0: Ball
1-0: Called Strike
1-1: Ball
2-1: Foul Ball, location: 2F
2-2: Foul Ball, location: 2F
2-2: Ball
3-2: Base on Balls
Batting: RHB J.J. Basil 0-0: Ball
1-0: Fly out, F9 (Flyball, 9LM, EV 75.6 MPH)
Pinch Hitting: RHB Luis Tovar 0-0: Called Strike
0-1: SINGLE (Groundball, 56D, EV 99.4 MPH)
Antonio Gutierrez to second
Pinch Hitting: RHB Marquis Major 0-0: Ball
1-0: Called Strike
1-1: SINGLE (Groundball, 6MD, EV 108.8 MPH)
Antonio Gutierrez to third
Luis Tovar to second
Runner from 3rd tries for Home, SAFE, throw by CF to home
Batting: LHB Keith Long 0-0: Foul Ball, location: 2F
0-1: Ball
1-1: Called Strike
1-2: Ball
2-2: SINGLE (Groundball, 56D, EV 101.9 MPH)
Luis Tovar to third
Marquis Major to second
Batting: RHB Mike Pitts 0-0: Fly out, F9 (Flyball, 9S, EV 90.0 MPH)
Batting: SHB Chris Wright 0-0: Ball
1-0: Ball
2-0: Called Strike
2-1: Ball
3-1: SINGLE (Line Drive, 7S, EV 106.9 MPH)
Luis Tovar scores
Marquis Major to third
Keith Long to second
Pitching: LHP Davy Thorne
Batting: LHB Adam Oldfield 0-0: Foul Ball, location: 2F
0-1: Swinging Strike
0-2: Ball
1-2: Ball
2-2: Strikes out swinging
Top of the 9th over - 3 runs, 5 hits, 0 errors, 3 left on base; Southern Maryland 12 - Columbus 2
BOTTOM OF THE 9TH
Columbus Reds batting - Pitching for Southern Maryland Blue Crabs : RHP Oscar Chacon
Now at C: Marquis Major
Now at 1B: Luis Tovar
Batting: LHB Tim Kirk 0-0: Called Strike
0-1: Ball
1-1: Ball
2-1: Ball
3-1: Base on Balls
Pitching: RHP Tim Bemish
Batting: LHB Elijah Benton 0-0: Ball
1-0: SINGLE (Flyball, 56D, EV 89.4 MPH)
Tim Kirk to second
Batting: RHB Fred Barbour 0-0: Called Strike
0-1: Fly out, F4 (Popup, 4M, EV 65.0 MPH)
Batting: RHB Alex de Leon 0-0: SINGLE (Line Drive, 8LS, EV 103.8 MPH)
Tim Kirk to third
Elijah Benton to second
Batting: LHB Keith Egan 0-0: Called Strike
0-1: Foul Ball, location: 2F
0-2: Ball
1-2: Ball
2-2: Strikes out swinging
Batting: RHB Sang-ton Pak 0-0: Ball
1-0: Swinging Strike
1-1: Foul Ball, location: 2F
1-2: Foul Ball, location: 2F
1-2: Strikes out looking
Bottom of the 9th over - 0 runs, 2 hits, 0 errors, 3 left on base; Southern Maryland 12 - Columbus 2
Thursday, March 31st , 2022 - OOTP Baseball 22.12 Build 89